 Dungeon Crawl Stone Soup version 0.28-a0-620-g539b0f7ac7 (webtiles) character file.

Game seed: 15677537158345658932

50 ytrimaz the Chopper (level 3, 0/33 HPs)
             Began as a Hill Orc Monk on Oct 6, 2021.
             Slain by Grinder (6 damage)
             ... on level 3 of the Dungeon.
             The game lasted 00:09:20 (2685 turns).

ytrimaz the Chopper (Hill Orc Monk)                 Turns: 2685, Time: 00:09:21

Health: 0/33       AC:  7    Str: 14    XL:     3   Next: 79%
Magic:  3/3        EV: 10    Int: 10    God:
Gold:   71         SH:  0    Dex: 13    Spells: 2/2 levels left

rFire   . . .      SeeInvis .   a - +1 hand axe (drain)
rCold   . . .      Faith    .   (no shield)
rNeg    . . .      Spirit   .   k - +0 scale mail
rPois   .          Reflect  .   f - +0 helmet
rElec   .          Harm     .   (no cloak)
rCorr   .          Rampage  .   (no gloves)
Will    .....                   (no boots)
Stlth   ..........              (no amulet)
HPRegen 0.11/turn               (no ring)
MPRegen 0.08/turn               (no ring)

@: brilliant, very slightly contaminated, studying Axes, invisible
A: no striking features
a: no special abilities


You were on level 3 of the Dungeon.
You visited 1 branch of the dungeon, and saw 3 of its levels.

You collected 71 gold pieces.

Inventory:

Hand Weapons
 a - a +1 hand axe of draining (weapon)
Armour
 f - a +0 helmet (worn)
 k - a +0 scale mail (worn)
Scrolls
 b - a scroll of blinking
 h - a scroll of identify
Potions
 c - a potion of lignification
 j - a potion of heal wounds


   Skills:
 + Level 4.1 Fighting
 * Level 5.2 Axes
 * Level 1.1 Armour
 + Level 2.7 Dodging
 - Level 1.5 Stealth


You had 2 spell levels left.
You didn't know any spells.
Your spell library contained the following spells:

 Spells                   Type           Power      Damage    Failure   Level
 Ignite Poison            Fire/Tmut/Pois 0%         N/A       99%         3
 Mephitic Cloud           Conj/Pois/Air  0%         N/A       99%         3
 Freezing Cloud           Conj/Ice/Air   0%         6-21      100%        5


Dungeon Overview and Level Annotations

Branches:
Dungeon (3/15)

Altars:

Annotations:
D:3 Grinder


Message History

Grinder is lightly wounded.
Your transformation is almost over.
Grinder zaps a wand.
The puff of flame hits you!
You hit Grinder.
Grinder is lightly wounded.
Grinder hits you but does no damage.
You hit Grinder.
Grinder is moderately wounded.
Grinder hits you but does no damage.
You hit Grinder but do no damage.
Grinder is moderately wounded.
Grinder hits you but does no damage.
You barely miss Grinder.
Grinder is moderately wounded.
Grinder says, "I used to sell toenails on the black market."
Grinder gestures at you.
You suddenly lose the ability to move!
Grinder hits you but does no damage.
You can move again.
Unknown command.
You barely miss Grinder.
Grinder is moderately wounded.
Grinder hits you but does no damage.
You barely miss Grinder.
Grinder is moderately wounded.
Grinder says, "There's only one good use for a tongue: cutting it out."
Grinder zaps a wand.
The puff of flame hits you but does no damage.
You barely miss Grinder.
Grinder is moderately wounded.
Grinder hits you but does no damage.
You hit Grinder.
Grinder is moderately wounded.
You feel less wooden.
Your +0 helmet unmelds from your body.
Your +0 scale mail unmelds from your body.
Grinder hits you!
* * * LOW HITPOINT WARNING * * *
You writhe in agony.
You die...

.'............
.###...#.##.###
.###...#'##.####+####
..####......##......#
#.# #......##......#
#.# #......##......#
#.# #......##......#
#.# #......##......#
#.# ####)..##..@...#
#.########..####5####
#..........># #...#####
####.....######.......#
...................##.#
####.....#########.#
####### .# .# #


You could see Grinder.

Vanquished Creatures
  An adder (D:2)
  A worm (D:3)
  A dart slug (D:2)
  4 bats
  3 endoplasms
  3 giant cockroaches
  4 goblins
  2 hobgoblins (D:1)
  A quokka (D:1)
  5 ball pythons
  6 kobolds
  A rat (D:3)
32 creatures vanquished.

Notes
Turn   | Place    | Note
-------+----------+-------------------------------------------
     0 | D:1      | ytrimaz the Hill Orc Monk began the quest for the Orb.
     0 | D:1      | Reached XP level 1. HP: 19/19 MP: 1/1
   484 | D:1      | Reached XP level 2. HP: 27/27 MP: 2/2
  1143 | D:2      | Reached XP level 3. HP: 20/33 MP: 3/3
  1693 | D:2      | Reached skill level 1 in Armour
  1951 | D:2      | Found a faded altar of an unknown god.
  2158 | D:2      | Reached skill level 5 in Axes
  2651 | D:3      | Noticed Grinder
  2652 | D:3      | Paralysed by Grinder for 5 turns
  2661 | D:3      | HP: 1/33 [Grinder (3)]
  2667 | D:3      | Paralysed by Grinder for 3 turns
  2680 | D:3      | Paralysed by Grinder for 2 turns
  2685 | D:3      | Slain by Grinder

Illustrated notes

Levels and vault maps discovered:
D:1:      dpeg_arrival_simpleton_b, layout_loops_cross, minmay_tetromino_l4
D:2:      layout_loops_corners, hellmonk_ecumenical_altar_leap_of_faith
D:3:      layout_basic, chequers_serial_rivers_micro_b, uniq_jessica,
          uniq_grinder, uniq_ijyb

Skill      XL: |  1  2  3 |
---------------+----------+-----
Fighting       | 4 |  4.1
Armour         | 1 |  1.1
Axes           | 5 |  5.2
Dodging        | |  2.7
Stealth        | |  1.5

Action                   || total
-------------------------++-------
Melee: Hand axe          ||   142
  Use: Potion            ||     7
       Scroll            ||     5
 Stab: Sleeping          ||     2
Armor: Robe              ||    38
       Scale mail        ||    22
       Skin              ||    10
Dodge: Dodged            ||   105

Table legend: (Time is in decaauts)
 A = Elapsed time spent in this place.
 B = Non-inter-level travel time spent in this place.
 C = Inter-level travel time spent in this place.
 D = Time resting spent in this place.
 E = Time spent auto-exploring this place.
 F = Levels seen in this place.
 G = Mean time per level.
                   A        B        C        D        E       F      G
               +--------+--------+--------+--------+--------+-----+--------+
         Total |   2694 |   2614 |     80 |     30 |   2041 |   3 |  898.0 |
       Dungeon |   2694 |   2614 |     80 |     30 |   2041 |   3 |  898.0 |
               +--------+--------+--------+--------+--------+-----+--------+

Top non-repeatable levels by time:
     D:2: 1321 daAuts
     D:1: 1110 daAuts
     D:3: 262 daAuts
